 Dungeon Crawl Stone Soup version 0.29-a0-214-g17f627cfee (webtiles) character file.

Game seed: 14873426820934765265

22066 sammy202020 the Fencer (level 12, -11/169 HPs)
             Began as a Minotaur Berserker on Feb 24, 2022.
             Was a High Priest of Trog.
             Mangled by a spark wasp (17 damage)
             ... on level 1 of the Spider Nest.
             The game lasted 00:51:31 (10336 turns).

sammy202020 the Fencer (Minotaur Berserker)        Turns: 10336, Time: 00:51:32

Health: -11/169    AC: 26    Str: 23    XL:     12   Next: 59%
Magic:  11/11      EV: 15    Int: 10    God:    Trog [*****.]
Gold:   650        SH:  0    Dex: 12    Spells: 11/11 levels left

rFire   . . .      SeeInvis +   C - +5 scimitar (flame)
rCold   . . .      Faith    .   (no shield)
rNeg    . . .      Spirit   .   b - +5 ring mail of Valour {Will- Regen+ Int+4 SInv}
rPois   +          Reflect  .   F - +1 hat
rElec   .          Harm     .   q - +1 cloak
rCorr   .          Rampage  .   v - +2 pair of gloves
Will    +....                   i - +1 pair of boots
Stlth   ..........              c - amulet of regeneration
HPRegen 2.98/turn               O - +4 ring of protection
MPRegen 0.12/turn               n - ring of flight

@: berserking, lethally poisoned (-11 -> -20), strong-willed, flying,
regenerating, very quick
A: horns 2, retaliatory headbutt, poison resistance, shaggy fur 1
a: Renounce Religion, Berserk, Trog's Hand, Brothers in Arms


You were on level 1 of the Spider Nest.
You worshipped Trog.
Trog was extremely pleased with you.
You visited 3 branches of the dungeon, and saw 14 of its levels.
You also visited: Bailey.

You collected 650 gold pieces.

Inventory:

Hand Weapons
 a - a +2 falchion
 g - a +2 short sword of speed
 o - a +0 short sword
 A - a +3 whip of holy wrath
 C - a +5 scimitar of flaming (weapon)
 I - a +0 rapier of venom
Missiles
 M - 2 throwing nets (quivered)
Armour
 b - the +5 ring mail of Valour (worn) {Will- Regen+ Int+4 SInv}
   (You found it on level 5 of the Dungeon)

   Int:       It affects your intelligence (+4).
   SInv:      It lets you see invisible.
   Regen:     It increases your rate of health regeneration.
   Will:      It decreases your willpower.
 d - a +0 ring mail
 i - a +1 pair of boots (worn)
 q - a +1 cloak (worn)
 u - an orb of guile
 v - a +2 pair of gloves (worn)
 E - an orb of mayhem
 F - a +1 hat (worn)
Jewellery
 c - an amulet of regeneration (around neck)
 h - a ring of see invisible
 n - a ring of flight (right hand)
 r - a ring of fire
 y - an amulet of magic regeneration
 H - a ring of protection from cold
 O - a +4 ring of protection (left hand)
 P - a ring of ice
Wands
 l - a wand of iceblast (29)
 D - a wand of paralysis (11)
 G - a wand of acid (6)
 L - a wand of flame (19)
Scrolls
 s - 6 scrolls of teleportation
 w - 2 scrolls of magic mapping
 x - 2 scrolls of enchant weapon
 N - 3 scrolls of identify
Potions
 e - 10 potions of haste
 f - 2 potions of resistance
 j - 2 potions of magic
 k - 9 potions of heal wounds
 m - 5 potions of might
 p - 3 potions of flight
 t - 2 potions of invisibility
 z - 4 potions of curing
 B - 3 potions of lignification
 J - a potion of berserk rage
 K - 2 potions of brilliance


   Skills:
 + Level 12.8 Fighting
 + Level 15.8 Long Blades
 + Level 10.9 Armour
 + Level 11.1 Dodging
 - Level 1.0 Stealth


You had 11 spell levels left.
You didn't know any spells.
Your spell library was empty.

Dungeon Overview and Level Annotations

Branches:
Dungeon (11/15)            Temple (0/1) D:4            Lair (2/6) D:11
 Spider (1/4) Lair:2          Orc (0/2) D:10         Bailey (visited)
  Swamp: Lair:2-4    Shoals: Lair:2-4

Altars:
Zin
Lugonu

Shops:
D:4 *


Innate Abilities, Weirdness & Mutations

You have a pair of horns on your head.
You reflexively headbutt those who attack you in melee.
Your system is resistant to poisons. (rPois)
You are covered in fur. (AC +1)


Message History

* * * LOW HITPOINT WARNING * * *
You are poisoned.
The redback poisons you!
The jumping spider leaps!
You are too berserk!
You are too injured to fight recklessly!
You are too injured to fight recklessly!
Unknown command.
You slash the tarantella! You burn the tarantella. You headbutt the tarantella!
The tarantella is severely wounded.
You feel very sick. The spark wasp stings you!
* * * LOW HITPOINT WARNING * * *
The spark wasp shocks you!
* * * LOW HITPOINT WARNING * * *
The tarantella touches you but does no damage.
The redback bites you.
* * * LOW HITPOINT WARNING * * *
You closely miss the tarantella.
The tarantella is severely wounded.
* * * LOW HITPOINT WARNING * * *
You feel very sick.
The jumping spider misses you. x2; The spark wasp misses you.
You furiously retaliate!
You headbutt the spark wasp. The tarantella barely misses you.
You slice the tarantella!! You burn the tarantella.
You kill the tarantella!
Trog accepts your kill.
* * * LOW HITPOINT WARNING * * *
You feel very sick.
The redback bites you but does no damage.
The jumping spider closely misses you.
The jumping spider completely misses you.
You are too berserk!
You are too berserk!
You closely miss the jumping spider. You headbutt the jumping spider!
The jumping spider is moderately wounded.
* * * LOW HITPOINT WARNING * * *
You feel very sick. The spark wasp stings you!
You die...

....... .....
.^..........#
.......#....
.........
.......#
#.....#
..#.#.s.y^# .#
.s....s@..#...#
......^†<.....#
..............#
......###.....#
...... ..#..^#
.##... ..# ...
.... ..# #.
.^.. ... ....


You could see a spark wasp, 2 jumping spiders and a redback.

Vanquished Creatures
  Josephine (D:11)
  Erica (D:10)
  2 two-headed ogres
  A tengu warrior (D:11)
  An orc knight (Bailey)
  A deep elf pyromancer (D:9)
  A cyclops (D:10)
  Joseph (D:9)
  A gargoyle (D:10)
  2 cane toads (Lair:1)
  A black mamba (Lair:1)
  Psyche (D:10)
  A rime drake (Lair:1)
  3 kobold demonologists (D:10)
  2 tengu conjurers (D:11)
  A komodo dragon (Lair:1)
  A meliai (Lair:2)
  Grinder (D:6)
  A tarantella (Spider:1)
  A hornet (D:10)
  3 blink frogs (Lair:2)
  A jumping spider (Spider:1)
  3 slime creatures (D:10)
  Sigmund (D:6)
  4 wraiths (D:11)
  Grum (D:10)
  A wyvern (D:9)
  6 basilisks
  13 yaks
  8 vampire mosquitoes
  9 water moccasins
  2 orc warriors
  A black bear (D:11)
  3 sky beasts
  2 necrophages
  3 ogres
  5 centaurs
  13 wolves
  2 phantoms
  2 kobold brigands
  12 bullfrogs
  A gnoll sergeant (D:10)
  A scorpion (D:11)
  A wyvern skeleton (D:7)
  2 water moccasin skeletons
  7 wights
  4 killer bees (Lair:2)
  2 electric eels (D:11)
  6 centaur zombies
  4 hounds
  4 orc priests
  A jelly (D:6)
  3 iguanas
  8 orc wizards
  A killer bee zombie (D:7)
  2 howler monkey zombies
  15 gnolls
  5 adders
  A shadow imp (D:8)
  A white imp (D:6)
  An adder skeleton (D:5)
  2 worms
  3 dart slugs
  41 orcs
  5 ball pythons
  7 endoplasms
  3 giant cockroaches
  11 goblins
  9 hobgoblins
  3 quokkas
  3 bats
  2 frilled lizards
  19 kobolds
  6 rats (D:1)
304 creatures vanquished.

Vanquished Creatures (collateral kills)
  A gnoll (Bailey)
1 creature vanquished.

Vanquished Creatures (others)
  An orc wizard (D:9)
  8 demonic plants (D:10)
  4 fungi
  17 plants
30 creatures vanquished.

Grand Total: 335 creatures vanquished

Notes
Turn   | Place    | Note
-------+----------+-------------------------------------------
     0 | D:1      | sammy202020 the Minotaur Berserker began the quest for the
                  | Orb.
     0 | D:1      | Reached XP level 1. HP: 19/19 MP: 0/0
   259 | D:1      | Reached skill level 4 in Long Blades
   259 | D:1      | Reached XP level 2. HP: 27/27 MP: 1/1
   500 | D:1      | Reached XP level 3. HP: 33/33 MP: 2/2
   503 | D:1      | Reached ** piety under Trog
  1644 | D:3      | Reached XP level 4. HP: 34/40 MP: 3/3
  1653 | D:3      | Reached skill level 5 in Long Blades
  1653 | D:3      | HP: 2/60 [gnoll/+0 spear (6)]
  2064 | D:3      | Found a faded altar of an unknown god.
  2224 | D:4      | Noticed a necrophage
  2224 | D:4      | Noticed a water moccasin
  2249 | D:4      | Killed a water moccasin
  2250 | D:4      | Reached XP level 5. HP: 26/47 MP: 4/4
  2253 | D:4      | Killed a necrophage
  2254 | D:4      | Reached skill level 6 in Long Blades
  2254 | D:4      | Reached XP level 6. HP: 32/53 MP: 5/5
  2287 | D:4      | Found a staircase to the Ecumenical Temple.
  2514 | D:4      | Gained mutation: You have large cloven feet. [potion of
                  | mutation]
  2514 | D:4      | Gained mutation: You are clumsy. (Dex -2) [potion of
                  | mutation]
  2515 | D:4      | Lost mutation: You have large cloven feet. [potion of
                  | mutation]
  2515 | D:4      | Lost mutation: You are clumsy. (Dex -2) [potion of
                  | mutation]
  2515 | D:4      | Gained mutation: You are frail. (-10% HP) [potion of
                  | mutation]
  2515 | D:4      | Gained mutation: You do not regenerate when monsters are
                  | visible. [potion of mutation]
  2515 | D:4      | Gained mutation: You have hidden genetic potential. [potion
                  | of mutation]
  2516 | D:4      | Lost mutation: You do not regenerate when monsters are
                  | visible. [potion of mutation]
  2516 | D:4      | Lost mutation: You have hidden genetic potential. [potion
                  | of mutation]
  2516 | D:4      | Lost mutation: You are frail. (-10% HP) [potion of
                  | mutation]
  2516 | D:4      | Gained mutation: Your system is resistant to poisons.
                  | (rPois) [potion of mutation]
  2516 | D:4      | Gained mutation: You are covered in fur. (AC +1) [potion of
                  | mutation]
  2718 | D:4      | Reached skill level 5 in Armour
  2929 | D:4      | Found Miocuf's Fire Supplies.
  3109 | D:5      | Entered Level 5 of the Dungeon
  3118 | D:5      | Reached XP level 7. HP: 43/60 MP: 6/6
  3336 | D:5      | Identified the +5 ring mail of Valour {Will- Regen+ Int+4
                  | SInv}
  3354 | D:5      | Reached *** piety under Trog
  3453 | D:5      | Reached skill level 5 in Fighting
  3453 | D:5      | Reached skill level 7 in Long Blades
  3728 | D:5      | Reached skill level 1 in Stealth
  4025 | D:6      | Reached XP level 8. HP: 69/69 MP: 7/7
  4039 | D:6      | Reached skill level 8 in Long Blades
  4039 | D:6      | Reached skill level 5 in Dodging
  4219 | D:6      | Reached skill level 9 in Long Blades
  4296 | D:6      | Reached XP level 9. HP: 76/79 MP: 8/8
  4312 | D:6      | Reached skill level 10 in Long Blades
  4649 | D:6      | Noticed Grinder
  4655 | D:6      | Paralysed by Grinder for 5 turns
  4663 | D:6      | Paralysed by Grinder for 5 turns
  4673 | D:6      | Killed Grinder
  4673 | D:6      | Reached **** piety under Trog
  4785 | D:6      | Found a glowing silver altar of Zin.
  4785 | D:6      | Noticed an angel
  4993 | D:6      | Noticed Sigmund
  5003 | D:6      | Killed Sigmund
  5084 | D:7      | Reached skill level 11 in Long Blades
  5493 | D:7      | Reached XP level 10. HP: 88/88 MP: 9/9
  5822 | D:8      | Reached skill level 12 in Long Blades
  6093 | D:9      | Noticed a deep elf pyromancer
  6111 | D:9      | Killed a deep elf pyromancer
  6538 | D:9      | Noticed Joseph
  6564 | D:9      | Killed Joseph
  6602 | D:9      | Noticed a two-headed ogre
  6621 | D:9      | Killed a two-headed ogre
  6622 | D:9      | Reached skill level 13 in Long Blades
  6924 | D:10     | Entered Level 10 of the Dungeon
  6925 | D:10     | Found a flagged portal.
  6929 | D:10     | Noticed Grum
  6969 | D:10     | Killed Grum
  7020 | Bailey   | Entered a bailey
  7218 | Bailey   | Noticed an orc knight
  7235 | Bailey   | Killed an orc knight
  7431 | D:10     | Noticed a gargoyle
  7446 | D:10     | Killed a gargoyle
  7478 | D:10     | Found a corrupted altar of Lugonu.
  7543 | D:10     | Reached XP level 11. HP: 90/97 MP: 10/10
  7564 | D:10     | Noticed a sun demon
  7633 | D:10     | Noticed Erica
  7666 | D:10     | Killed Erica
  7912 | D:10     | Reached skill level 10 in Fighting
  7912 | D:10     | Reached skill level 14 in Long Blades
  7925 | D:10     | Found a staircase to the Orcish Mines.
  7930 | D:10     | Noticed Psyche
  7938 | D:10     | Paralysed by Psyche for 7 turns
  8124 | D:10     | Killed Psyche
  8286 | D:11     | Noticed a two-headed ogre
  8419 | D:11     | Found a staircase to the Lair.
  8440 | D:11     | Killed a two-headed ogre
  8441 | D:11     | Reached skill level 10 in Armour
  8565 | D:11     | Reached skill level 15 in Long Blades
  8628 | D:11     | Noticed a tengu warrior
  8643 | D:11     | Killed a tengu warrior
  8644 | D:11     | Reached skill level 10 in Dodging
  8755 | D:11     | Noticed Josephine
  8767 | D:11     | Killed Josephine
  8768 | D:11     | Reached XP level 12. HP: 106/110 MP: 11/11
  9106 | Lair:1   | Entered Level 1 of the Lair of Beasts
  9270 | Lair:1   | Reached ***** piety under Trog
 10172 | Lair:2   | Found a hole to the Spider Nest.
 10324 | Spider:1 | Entered Level 1 of the Spider Nest
 10324 | Spider:1 | Noticed a spark wasp
 10335 | Spider:1 | HP: 8/169 [poisoned by a redback]
 10336 | Spider:1 | Mangled by a spark wasp

Illustrated notes

Levels and vault maps discovered:
D:1:      psy_arrival_basics, layout_basic
D:2:      layout_basic, kennysheep_big_empty_room
D:3:      minmay_inner_zag, layout_basic, shapermc_ecumenical_altar_mp_vishouse
D:4:      layout_loops_ring, minmay_temple_entry_statues_pillars,
          nicolae_shop_fire_sale [nicolae_sub_dead_trees]
D:5:      layout_basic
D:6:      layout_basic, zin_angel, dk_noncrumbling_2, minmay_fractal_squares_5,
          uniq_sigmund, uniq_grinder
D:7:      layout_basic, minmay_unpleasant_kobolds
D:8:      layout_rooms
D:9:      layout_basic, lightli_orcish_oven, uniq_joseph
D:10:     kennysheep_kobold_lugonu_temple, layout_loops_ring, orc_0_dummy,
          enter_bailey_5, chequers_serial_rivers_micro_b, uniq_grum,
          uniq_psyche, uniq_erica
D:11:     layout_loops_ring, minmay_lair_entry_grove,
          chequers_hall_statues_wall_a, hive_lemuel, uniq_josephine
Lair:1:   layout_hall_layers, grunt_megastairs_5
Lair:2:   layout_gridlike, hellmonk_spider_entry_not_the_bees
Spider:1: layout_spider_delve, hangedman_spider_tarantella_strand

Skill      XL: |  1  2  3  4  5  6  7  8  9 10 11 12 |
---------------+-------------------------------------+-----
Long Blades    | 4 5 6 7 9 11 13 15 | 15.8
Fighting       | 4 5 7 8 9 11 12 | 12.8
Armour         | 3 4 5 7 8 9 10 | 10.9
Dodging        | 3 4 5 7 8 10 11 | 11.1
Stealth        | 1 |  1.0

Action                   |  1- 3 |  4- 6 |  7- 9 | 10-12 || total
-------------------------+-------+-------+-------+-------++-------
Melee: Falchion          |   111 |   102 |   353 |   310 ||   876
       Headbutt          |    13 |    16 |    84 |   144 ||   257
       Punch             |     3 |     1 |     5 |    11 ||    20
       Scimitar          |       |       |       |   344 ||   344
Invok: Berserk           |       |     2 |     1 |     8 ||    11
       Trog's Hand       |       |     2 |     1 |     7 ||    10
       Brothers in Arms  |       |       |       |     1 ||     1
  Use: Scroll            |     3 |    11 |     8 |     7 ||    29
       Potion            |       |     4 |       |     1 ||     5
Armor: Ring mail         |    40 |    22 |   160 |   367 ||   589
       Skin              |       |    13 |       |       ||    13
Dodge: Dodged            |    57 |    41 |   190 |   493 ||   781

Table legend: (Time is in decaauts)
 A = Elapsed time spent in this place.
 B = Non-inter-level travel time spent in this place.
 C = Inter-level travel time spent in this place.
 D = Time resting spent in this place.
 E = Time spent auto-exploring this place.
 F = Levels seen in this place.
 G = Mean time per level.
                   A        B        C        D        E       F      G
               +--------+--------+--------+--------+--------+-----+--------+
         Total |  10196 |  10093 |    103 |    106 |   6450 |  15 |  679.7 |
       Dungeon |   8740 |   8637 |    103 |    106 |   5458 |  11 |  794.5 |
          Lair |   1174 |   1174 |      0 |      0 |    885 |   2 |  587.0 |
   Spider Nest |      8 |      8 |      0 |      0 |      0 |   1 |    8.0 |
        Bailey |    272 |    272 |      0 |      0 |    107 |   1 |  272.0 |
               +--------+--------+--------+--------+--------+-----+--------+

Top non-repeatable levels by time:
     D:6: 1000 daAuts
    D:11: 931 daAuts
    D:10: 925 daAuts
     D:9: 923 daAuts
  Lair:1: 906 daAuts
     D:4: 894 daAuts
     D:5: 890 daAuts
     D:3: 805 daAuts
     D:2: 753 daAuts
     D:1: 686 daAuts
     D:7: 530 daAuts
     D:8: 398 daAuts
  Bailey: 272 daAuts
  Lair:2: 267 daAuts
Spider:1: 8 daAuts
